 Dungeon Crawl Stone Soup version 0.24.0-1-gfbc8707 (webtiles) character file.

Game seed: 367404355320692221, levelgen mode: deterministic

95 Buxparty the Skirmisher (level 4, 0/35 HPs)
             Began as a Mummy Wanderer on Jan 6, 2020.
             Slain by Grinder (10 damage)
             ... on level 3 of the Dungeon.
             The game lasted 00:04:15 (3010 turns).

Buxparty the Skirmisher (Mummy Wanderer)            Turns: 3010, Time: 00:04:15

Health: 0/35       AC:  2    Str: 19    XL:     4   Next: 39%
Magic:  4/4        EV: 12    Int: 10    God:
Gold:   73         SH:  0    Dex:  9    Spells: 3/3 levels left

rFire    x . .     SeeInvis .   a - +2 quarterstaff
rCold    + . .     Gourm    .   (shield currently unavailable)
rNeg     + + +     Faith    .   c - +0 robe
rPois    ∞         Spirit   .   (no helmet)
rElec    .         Reflect  .   (no cloak)
rCorr    .         Harm     .   (no gloves)
MR       .....                  (no boots)
Stlth    +.........             (no amulet)
HPRegen  0.11/turn              (no ring)
MPRegen  0.09/turn              (no ring)

@: no status effects
A: no food or potions, fire vulnerability, cold resistance 1, negative energy
resistance 3, torment resistance, unbreathing
a: no special abilities


You were on level 3 of the Dungeon.
You were not hungry.

You visited 1 branch of the dungeon, and saw 3 of its levels.

You collected 73 gold pieces.

Inventory:

Hand Weapons
 a - a +2 quarterstaff (weapon)
Armour
 c - a +0 robe (worn)
Jewellery
 g - an uncursed ring of ice {unknown}
Scrolls
 b - 3 scrolls of teleportation
 d - 2 scrolls of remove curse {unknown}
 e - 3 scrolls of identify {unknown}
 f - a scroll of blinking {unknown}
 h - a scroll of immolation {unknown}


   Skills:
 + Level 3.1 Fighting
 + Level 2.5 Staves
   Level 1.0 Crossbows
 - Level 1.5 Armour
 + Level 2.1 Dodging
   Level 1.5 Shields


You had 3 spell levels left.
You didn't know any spells.
Your spell library was empty.

Dungeon Overview and Level Annotations

Branches:
Dungeon (3/15)

Altars:

Annotations:
D:3 Grinder


Innate Abilities, Weirdness & Mutations

You do not eat or drink.
Your flesh is vulnerable to fire.
You are immune to poison.
Your flesh is cold resistant. (rC+)
You are immune to negative energy. (rN+++)
You are immune to unholy pain and torment.
You can survive without breathing.


Message History

Grinder hits you!
Grinder says, "Just stop there for a second..."
Grinder hits you.
You are too injured to fight recklessly!
You are too injured to fight recklessly!
You are too injured to fight recklessly!
You are too injured to fight recklessly!
You are too injured to fight recklessly!
You are too injured to fight recklessly!
You sock Grinder!
Grinder is heavily wounded.
Grinder hits you.
* * * LOW HITPOINT WARNING * * *
You closely miss Grinder.
Grinder is heavily wounded.
Grinder barely misses you.
You closely miss Grinder.
Grinder is heavily wounded.
Grinder hits you!
You die...

#........ #...#...
########.#...##
#...#.......... .
........#..## ..
#........### ...
#......=...##....
#.<.#.#..........
#.....#.#..@.##....
####.##..##.5......
........††...###
.......#.....## #.
#...............##..
#...................
#.......##..#.#.....
.......#...#..... .
.....>........#..#


You could see Grinder.

Vanquished Creatures
  3 adders (D:2)
  2 oozes
  A dart slug (D:2)
  3 leopard geckos
  7 bats
  4 giant cockroaches (D:1)
  8 goblins
  7 hobgoblins
  3 frilled lizards
  6 kobolds
  9 rats
53 creatures vanquished.

Notes
Turn   | Place    | Note
-------+----------+-------------------------------------------
     0 | D:1      | Buxparty the Mummy Wanderer began the quest for the Orb.
     0 | D:1      | Buxparty set off with the following items: a +2
                  | quarterstaff, 2 scrolls of teleportation, a +0 robe
     0 | D:1      | Reached XP level 1. HP: 16/16 MP: 1/1
   275 | D:1      | Reached XP level 2. HP: 17/22 MP: 2/2
   924 | D:1      | Reached XP level 3. HP: 26/28 MP: 3/3
  1910 | D:2      | Reached XP level 4. HP: 34/34 MP: 4/4
  1984 | D:2      | Reached skill level 3 in Fighting
  2805 | D:3      | Noticed Grinder
  2998 | D:3      | Paralysed by Grinder for 7 turns
  3010 | D:3      | Slain by Grinder

Levels and vault maps discovered:
D:1:      tarquinn_simple_flora_water_e, layout_basic, kennysheep_pointless_box
D:2:      minmay_general_purpose_star, layout_loops_corners,
          minmay_pentomino_pile
D:3:      layout_rooms, old_standard_altar, grunt_qazlal_clouds,
          vehumet_crystals, gup_sewer_entry_bowl, uniq_grinder

Skill      XL: |  1  2  3  4 |
---------------+-------------+-----
Staves         | 2 |  2.5
Dodging        | 2 |  2.1
Fighting       | 3 |  3.1
Crossbows      | |  1.0
Armour         | |  1.5
Shields        | |  1.5

Action                   |  1- 3 |  4- 6 || total
-------------------------+-------+-------++-------
Melee: Quarterstaff      |   111 |    37 ||   148
Armor: Robe              |    32 |     6 ||    38
Dodge: Dodged            |    83 |    18 ||   101
